 Dungeon Crawl Stone Soup version 0.23.1 (webtiles) character file.

Game seed: 1444088222792019476

128 Borgoz the Sneak (level 5, -5/38 HPs)
             Began as a Ghoul Enchanter on Mar 13, 2019.
             Slain by Sigmund
             ... wielding a +0 scythe
              (14 damage)
             ... on level 6 of the Dungeon.
             The game lasted 00:06:22 (3432 turns).

Borgoz the Sneak (Ghoul Enchanter)                  Turns: 3432, Time: 00:06:23

Health: -5/38      AC:  3    Str: 12    XL:     5   Next: 12%
Magic:  6/6        EV: 12    Int: 10    God:
Gold:   120        SH:  0    Dex: 10    Spells: 4/7 levels left

rFire    . . .     SeeInvis .   m - +2 dagger (venom)
rCold    + . .     Gourm    .   (no shield)
rNeg     + + +     Faith    .   b - +1 robe
rPois    ∞         Spirit   .   (no helmet)
rElec    .         Reflect  .   (no cloak)
rCorr    .         Harm     .   (no gloves)
MR       .....                  (no boots)
Stlth    ++........             (no amulet)
HPRegen  0.00/turn              (no ring)
MPRegen  0.10/turn              (no ring)

@: very slightly contaminated, rotting
A: rotting body, claws 1, carnivore, cold resistance 1, negative energy
resistance 3, inhibited regeneration, torment resistance, unbreathing
a: no special abilities


You were on level 6 of the Dungeon.
You were very hungry.

You visited 1 branch of the dungeon, and saw 4 of its levels.

You collected 120 gold pieces.

Inventory:

Hand Weapons
 m - a +2 dagger of venom (weapon)
Armour
 b - a +1 robe (worn)
Scrolls
 f - 4 scrolls of identify
 h - a scroll of enchant armour
Potions
 c - a potion of heal wounds
 e - a potion of curing {unknown}
 l - a potion of haste {unknown}
Comestibles
 d - 5 rations


   Skills:
 * Level 2.7 Short Blades
 * Level 2.3 Armour
 + Level 2.5 Dodging
 - Level 3.2 Stealth
 + Level 1.9 Spellcasting
 - Level 2.4 Hexes


You had 4 spell levels left.
You knew the following spells:

 Your Spells              Type           Power        Failure   Level  Hunger
a - Corona                Hex            #......      12%         1    ##.....
b - Ensorcelled Hibernat  Hex/Ice        #.....       28%         2    ###....

Your spell library contained the following spells:

 Spells                   Type           Power        Failure   Level  Hunger
 Confuse                  Hex            #.......     34%         3    ####...
 Tukima's Dance           Hex            #.......     34%         3    ####...
 Dazzling Spray           Conj/Hex       #.....       50%         3    ####...


Dungeon Overview and Level Annotations

Branches:
Dungeon (3/15)

Altars:
Dithmenos
Hepliaklqana

Annotations:
D:6 Sigmund


Innate Abilities, Weirdness & Mutations

Your body is rotting away.
You thrive on raw meat.
You are immune to poison.
You have sharp fingernails.
You are carnivorous and can eat meat at any time.
Your flesh is cold resistant. (rC+)
You are immune to negative energy. (rN+++)
You do not regenerate when monsters are visible.
You are immune to unholy pain and torment.
You can survive without breathing.


Message History

An orc comes into view. It is wielding a +0 whip.
An orc comes into view. It is wielding a +0 short sword.
You flicker for a moment.
The orc shouts! x2
An orc warrior comes into view. It is wielding a +0 war axe.
An ogre comes into view. It is wielding a +0 giant club.
Something hits you!
The orc shouts!
The centaur skeleton barely misses you.
You see here 11 gold pieces.
The ogre shouts!
The orc warrior shouts!
The centaur skeleton hits you.
* * * LOW HITPOINT WARNING * * *
Found a bubbling dark potion.
The ogre shouts!
The orc closely misses you.
You flicker back into view.
The orc shouts! x2
Something hits you!
You die...

.....#.... .....#... ..
.....#..## ...
#....#..##...#
+....#..##...########
#....'.......##.....####
#....#.................!
#....#...?..............
#....#..###### #@o..#
######..##...###...o###
#....#.....{.oo...#
#....#.......Z.O..#
#....'.....$......#
###################


You could see an orc warrior, an ogre, 3 orcs and a centaur skeleton.

Vanquished Creatures
  Jessica (D:2)
  4 gnolls
  An adder (D:2)
  2 worms
  A dart slug (D:1)
  3 leopard geckos
  7 bats
  5 giant cockroaches
  4 goblins
  5 hobgoblins
  A quokka (D:2)
  5 frilled lizards
  2 kobolds
  5 rats
46 creatures vanquished.

Notes
Turn   | Place    | Note
-------+----------+-------------------------------------------
     0 | D:1      | Borgoz the Ghoul Enchanter began the quest for the Orb.
     0 | D:1      | Reached XP level 1. HP: 14/14 MP: 2/2
    25 | D:1      | Reached skill level 1 in Short Blades
   410 | D:1      | Reached XP level 2. HP: 9/19 MP: 3/3
   780 | D:1      | Reached skill level 1 in Armour
  1139 | D:1      | Reached XP level 3. HP: 24/26 MP: 4/4
  1380 | D:1      | Learned a level 2 spell: Ensorcelled Hibernation
  1900 | D:2      | Noticed Jessica
  1907 | D:2      | Killed Jessica
  1907 | D:2      | Reached XP level 4. HP: 30/33 MP: 5/5
  2750 | D:2      | Found a shadowy altar of Dithmenos.
  2886 | D:2      | Found a hazy altar of Hepliaklqana.
  3147 | D:2      | Reached XP level 5. HP: 29/37 MP: 6/6
  3402 | D:3      | You fall through a shaft for 3 floors!
  3403 | D:6      | Noticed a sky beast
  3406 | D:6      | Noticed Sigmund
  3426 | D:6      | Noticed an orc warrior
  3426 | D:6      | Noticed an ogre
  3432 | D:6      | Slain by Sigmund

Skill      XL: |  1  2  3 |
---------------+----------+-----
Short Blades   | 1 2 |  2.7
Dodging        | 2 |  2.5
Armour         | 1 2 |  2.3
Stealth        | |  3.2
Spellcasting   | |  1.9
Hexes          | |  2.4

Action                   |  1- 3 |  4- 6 || total
-------------------------+-------+-------++-------
Melee: Dagger            |   108 |    60 ||   168
 Cast: Ensorcelled Hiber |     3 |     9 ||    12
  Use: Scroll            |       |     5 ||     5
       Potion            |       |     2 ||     2
 Stab: Sleeping          |    10 |     7 ||    17
  Eat: Chunk             |     5 |     3 ||     8
Armor: Robe              |    22 |     7 ||    29
Dodge: Dodged            |    74 |    37 ||   111
